 Dungeon Crawl Stone Soup version 0.28.0-45-g0d030f2227 (webtiles) character file.

Game seed: 9919758094945940405

306 MisterFreud the Changer (level 6, -3/52 HPs)
             Began as a Draconian Transmuter on Apr 22, 2022.
             Slain by a black bear (4 damage)
             ... on level 5 of the Dungeon.
             The game lasted 00:04:21 (4668 turns).

MisterFreud the Changer (Draconian Transmuter)      Turns: 4668, Time: 00:04:22

Health: -3/52      AC:  6    Str: 13    XL:     6   Next: 16%
Magic:  4/9        EV: 12    Int: 15    God:
Gold:   147        SH:  0    Dex: 11    Spells: 3/9 levels left

rFire   . . .      SeeInvis .     - Unarmed
rCold   . . .      Faith    .   (no shield)
rNeg    . . .      Spirit   .   (armour unavailable)
rPois   .          Reflect  .   (helmet restricted)
rElec   .          Harm     .   (no cloak)
rCorr   .          Rampage  .   (no gloves)
Will    .....                   (no boots)
Stlth   +.........              (no amulet)
HPRegen 0.17/turn               (no ring)
MPRegen 0.11/turn               (no ring)

@: mighty, lethally poisoned (-3 -> -5), flying, very slightly contaminated
A: AC +6, unfitting armour, cold-blooded
a: no special abilities


You were on level 5 of the Dungeon.
You visited 1 branch of the dungeon, and saw 5 of its levels.

You collected 147 gold pieces.

Inventory:

Missiles
 l - 12 poisoned darts
Scrolls
 b - 2 scrolls of identify {unknown}
 c - a scroll of fear {unknown}
 d - a scroll of teleportation {unknown}
 e - 2 scrolls of immolation {unknown}
 f - a scroll of fog {unknown}
 h - a scroll of torment {unknown}
 j - a scroll of holy word {unknown}
 m - a scroll of amnesia {unknown}
Potions
 a - a potion of flight
 i - a potion of heal wounds {unknown}
 k - a potion of cancellation {unknown}


   Skills:
 - Level 4.0 Fighting
 - Level 1.7 Dodging
 + Level 3.7 Unarmed Combat
 - Level 2.0 Spellcasting
 - Level 5.0 Transmutations


You had 3 spell levels left.
You knew the following spells:

 Your Spells              Type           Power      Damage    Failure   Level
a - Beastly Appendage     Tmut           32%        N/A       2%          1
b - Wereblood             Tmut           16%        N/A       4%          2
c - Spider Form           Tmut/Pois      9%         N/A       24%         3

Your spell library contained the following spells:

 Spells                   Type           Power      Damage    Failure   Level
 Ice Form                 Ice/Tmut       9%         N/A       61%         4


Dungeon Overview and Level Annotations

Branches:
Dungeon (4/15)
 Temple: D:4-7

Altars:
Ru
Yredelemnul

Shops:
D:1 !


Innate Abilities, Weirdness & Mutations

Your plain brown scales are hard. (AC +6)
You cannot fit into any form of body armour.
You are cold-blooded and may be slowed by cold attacks.


Message History

You hit the black bear. You tail-slap the black bear.
The black bear is severely wounded.
The black bear misses you. The black bear barely misses you.
The black bear claws you.
You hit the black bear.
The black bear is severely wounded.
The black bear goes berserk!
You barely miss the black bear.
The black bear is severely wounded.
The black bear bites you! The black bear closely misses you. x2
You hit the black bear.
Your tail-slap misses the black bear.
The black bear is almost dead.
The black bear bites you. The black bear claws you.
The black bear claws you but does no damage.
Casting: Spider Form (dangerous; 24% risk of failure)
Confirm with . or Enter, or press ? or * to list all spells.
You miscast Spider Form.
You are very lightly contaminated with residual magic.
You feel odd.
You are poisoned.
* * * LOW HITPOINT WARNING * * *
You feel sick. The black bear closely misses you.
The black bear barely misses you. The black bear claws you.
* * * LOW HITPOINT WARNING * * *
The black bear bites you but does no damage.
The black bear barely misses you. The black bear completely misses you.
It was a potion of flight.
You feel very buoyant.
You fly up into the air.
You feel sick.
The black bear bites you but does no damage.
The black bear claws you but does no damage.
The black bear closely misses you.
It was a potion of might.
You feel very mighty all of a sudden.
You feel sick. The black bear bites you.
* * * LOW HITPOINT WARNING * * *
The black bear closely misses you. The black bear claws you.
* * * LOW HITPOINT WARNING * * *
The black bear bites you.
You die...

#####
#.#.#
#.#.####
#......#
#Z#....#
#h#.##...#
#@#.# ###
#.#..
#.#..
#.....
#.....
#.###.#
... ..#


You could see a black bear (berserk, very poisoned) and a water moccasin zombie.

Vanquished Creatures
  An ogre (D:4)
  2 iguanas (D:4)
  7 adders
  2 adder skeletons (D:4)
  3 worms
  2 dart slugs
  3 orcs (D:4)
  5 ball pythons
  3 bats
  6 endoplasms
  A giant cockroach (D:1)
  8 hobgoblins
  3 jackals (D:3)
  11 kobolds
  5 quokkas
  10 frilled lizards
  9 goblins
  6 rats
87 creatures vanquished.

Vanquished Creatures (others)
  4 plants (D:4)
4 creatures vanquished.

Grand Total: 91 creatures vanquished

Notes
Turn   | Place    | Note
-------+----------+-------------------------------------------
     0 | D:1      | MisterFreud the Draconian Transmuter began the quest for
                  | the Orb.
     0 | D:1      | Reached XP level 1. HP: 16/16 MP: 3/3
   159 | D:1      | Found a faded altar of an unknown god.
   227 | D:1      | Reached XP level 2. HP: 3/23 MP: 3/5
   251 | D:1      | HP: 1/23 [goblin/+0 club (3)]
   652 | D:1      | Reached skill level 3 in Transmutations
   899 | D:1      | Found Rejaac's Distillery.
  1120 | D:1      | Reached XP level 3. HP: 24/28 MP: 3/6
  1123 | D:1      | Learned a level 2 spell: Wereblood
  1127 | D:1      | Learned a level 3 spell: Spider Form
  1642 | D:2      | Reached skill level 4 in Transmutations
  2076 | D:2      | Reached XP level 4. HP: 29/35 MP: 7/7
  3045 | D:3      | Reached skill level 5 in Transmutations
  3871 | D:4      | Reached XP level 5. HP: 30/41 MP: 6/8
  4088 | D:4      | Noticed an ogre
  4110 | D:4      | Killed an ogre
  4374 | D:4      | Found a basalt altar of Yredelemnul.
  4446 | D:4      | Reached XP level 6. HP: 38/52 MP: 5/9
  4642 | D:4      | Found a sacrificial altar of Ru.
  4644 | D:4      | You fall into a shaft and drop 1 floor!
  4644 | D:5      | Entered Level 5 of the Dungeon
  4668 | D:5      | HP: 1/52 [black bear (2)]
  4668 | D:5      | Slain by a black bear

Illustrated notes

Levels and vault maps discovered:
D:1:      dpeg_arrival_ternary, layout_loops_ring, basic_ecumenical_altar,
          serial_shops, shop, minmay_bisected
D:2:      layout_loops_ring
D:3:      layout_basic
D:4:      layout_basic, nicolae_ru_the_path_less_chosen,
          mainiacjoe_overflow_surrounded_room, minmay_lizard_king
D:5:      layout_basic, mainiacjoe_overflow_large_starburst,
          minmay_temple_entry_mini_moons, kennysheep_minor_cross,
          uniq_blork_the_orc

Skill      XL: |  1  2  3  4  5 |
---------------+----------------+-----
Transmutations | 3 4 5 |  5.0
Fighting       | 2 4 |  4.0
Dodging        | |  1.7
Unarmed Combat | |  3.7
Spellcasting   | |  2.0

Action                   |  1- 3 |  4- 6 || total
-------------------------+-------+-------++-------
Melee: Unarmed           |   142 |   146 ||   288
       Kick              |    18 |    25 ||    43
       Tailslap          |    11 |     8 ||    19
       Headbutt          |    14 |    11 ||    25
       Punch             |     1 |     1 ||     2
 Cast: Beastly Appendage |    25 |    22 ||    47
       Spider Form       |       |     4 ||     4
  Use: Potion            |       |     2 ||     2
 Stab: Sleeping          |       |     1 ||     1
Armor: Skin              |    33 |    25 ||    58
Dodge: Dodged            |    91 |   118 ||   209
